ElectroBlueGuy, lawful male human Knight ----- ---------------- ------- #-...| |.....k.G....au| |...... ###|.>..# |.<.G.a.a.G.a%.| |.....| --------- # #.....##%#%%...............| |......##### |........### #|...|# -|--.----------- ----- ##-(....| # |.......| ###-----# # ########### |%).| # ------- ### |........########### ### # |[..| ### # |.......|### # ### |!%(| # ##........-# ### # # |%).-###### --------- # # # # ## |)%(| #####---.-.- ----- # #+...... ###|.....| #......| |.....| ------- ElectroBlueGuy the Esquire Experience level: 4 Strength: 14 Dexterity: 8 Constitution: 13 Intelligence: 9 Wisdom: 14 Charisma: 18 Health: 0(36) Energy: 16(16) Def: 8 Gold: 631 Moves: 1758 Dungeon seed: 6gjio2HU1FuKJ0sg Game ID: ElectroBlueGuy_1571509107 Your Inventory: Coins $ - 631 gold pieces Weapons a - a +1 long sword (alternate weapon; not wielded) b - a +1 lance (weapon in hand) Armor e - an uncursed +1 ring mail (being worn) n - a blessed +0 helmet (being worn) q - an uncursed +1 small shield (being worn) r - a blessed +0 pair of leather gloves (being worn) Comestibles B - 2 uncursed food rations Scrolls z - a blessed scroll of blank paper Rings f - an uncursed ring of stealth (on left hand) Wands s - a wand of digging (0:4) Gems N - an uncursed worthless piece of yellowish brown glass Y - an uncursed worthless piece of yellow glass Spells and supernatural/magical abilities: Name Level Category Fail Memory W - pray for help -- divine ? -- X - turn undead -- divine ? -- Y - supernatural jump -- ability ? -- Your skills at the end: Fighting Skills riding [Basic] Weapon Skills long sword [Basic] lance [Basic] Spellcasting Skills Final Attributes: You were piously aligned. You were stealthy. You could jump. You were riding your pony. You are dead. Vanquished creatures: a gnome lord a homunculus a large kobold a giant rat a brown mold a red mold 3 gnomes 10 jackals a goblin a grid bug a lichen a kobold zombie 6 newts 29 creatures vanquished. Voluntary challenges: You were an atheist. You used a wielded weapon 31 times, starting on turn 36. You read items or engraved 2 times, starting on turn 1714. You never genocided any monsters. You never polymorphed an object. You never changed form. You used no wishes. You never split a pudding. You never wrote Elbereth's name. You never violated your personal moral code. Dungeon overview: The Dungeons of Doom: levels 1 to 6 Level 1 a fountain a long staircase Level 2 a scroll shop, some fountains a long staircase Level 3 a fountain Level 4 some fountains Level 5 <- You were here a general store Level 6 History has recorded: On T:1 you entered the Dungeons of Doom to retrieve the Amulet of Yendor! On T:108 you reached level 2 of The Dungeons of Doom. On T:554 you reached level 3 of The Dungeons of Doom. On T:588 you advanced to experience level 2. On T:771 you reached level 4 of The Dungeons of Doom. On T:861 you advanced to experience level 3. On T:1124 you reached level 5 of The Dungeons of Doom. On T:1618 you advanced to experience level 4. On T:1687 you reached level 6 of The Dungeons of Doom. Score breakdown: Gold: 631 ( 9527 points) Experience: 4 levels ( 9649 points) Exploration: 6 levels ( 12.24%) ( 9682 points) Discoveries: 5 items ( 2.03%) ( 4276 points) Valuables value: (no points given unless you survive) Artifact value: 0 ( 0 points) Variety of kills: 13 monsters ( 3.41%) ( 5541 points) Turncount: 1758 turns ( 0 points) Survival: died (score multiplied by 80%) Total score: 30940 Latest messages: You miss the jackal. The jackal bites the saddled pony. The saddled pony hits the jackal. The jackal is killed! You see here a jackal corpse. You are beginning to feel hungry. This cream pie is delicious! You finish eating the cream pie. The gnome throws a dagger! The dagger hits the gnome. You miss the gnome. The gnome hits! You joust the gnome! You kill the gnome! The giant ant misses the saddled pony. The saddled pony misses the giant ant. (2x) You miss the giant ant. The giant ant bites! You die... Final status: Fare thee well ElectroBlueGuy the Knight, killed by a giant ant... You died in The Dungeons of Doom on dungeon level 5 with 30940 points, and 631 pieces of gold, after 1758 moves. You were level 4 with a maximum of 36 hit points when you died.